 Dungeon Crawl Stone Soup version 0.29.1-1-gd02db6906a (webtiles) character file.

Game seed: 900642742990344967

56 falcothegreat the Sneak (level 4, -1/34 HPs)
             Began as a Formicid Brigand on Sept 25, 2022.
             Succumbed to a scorpion's poison
             ... on level 2 of the Dungeon.
             The game lasted 00:10:11 (810 turns).

falcothegreat the Sneak (Formicid Brigand)           Turns: 810, Time: 00:10:11

Health: -1/34      AC:  3    Str: 17    XL:     4   Next: 17%
Magic:  4/4        EV: 11    Int: 11    God:
Gold:   45         SH:  0    Dex: 15    Spells: 3/3 levels left

rFire   . . .      SeeInvis +   a - +2 dagger
rCold   . . .      Faith    .   (no shield)
rNeg    . . .      Spirit   .   b - +0 robe
rPois   .          Reflect  .   (helmet unavailable)
rElec   .          Harm     .   c - +0 cloak
rCorr   .          Rampage  .   (no gloves)
Will    .....                   (no boots)
Stlth   +++.......              (no amulet)
HPRegen 0.11/turn               (no ring)
MPRegen 0.09/turn               (no ring)

@: lethally poisoned (-1 -> -27)
A: permanent stasis, dig shafts and tunnels, antennae 3, four strong arms
a: Dig, Shaft Self


You were on level 2 of the Dungeon.
You visited 1 branch of the dungeon, and saw 2 of its levels.

You collected 45 gold pieces.

Inventory:

Hand Weapons
 a - a +2 dagger (weapon)
 f - a +0 war axe
Missiles
 d - 4 poisoned darts (quivered)
 e - 3 curare-tipped darts
Armour
 b - a +0 robe (worn)
 c - a +0 cloak (worn)


   Skills:
 + Level 2.6 Fighting
 + Level 2.2 Short Blades
 + Level 2.3 Throwing
 + Level 1.0 Dodging
 + Level 6.1 Stealth


You had 3 spell levels left.
You didn't know any spells.
Your spell library was empty.

Dungeon Overview and Level Annotations

Branches:
Dungeon (2/15)

Altars:


Innate Abilities, Weirdness & Mutations

You cannot be hasted, slowed, berserked, paralysed or teleported.
You can dig through walls and to a lower floor.
You have a pair of large antennae on your head. (SInv)
Your four strong arms can wield two-handed weapons with a shield.


Message History

Throw: 6 darts (poison)
Press: ? - help, Q - select action, (/) - cycle Shift-Dir - straight line, f - adder
Aim: an adder (42% to hit)
You throw a poisoned dart.
The poisoned dart barely misses the adder.
Throw: 5 darts (poison)
Press: ? - help, Q - select action, (/) - cycle Shift-Dir - straight line, f/p - adder
Aim: an adder (42% to hit)
You throw a poisoned dart. The poisoned dart hits the adder.
The adder is poisoned.
A scorpion comes into view.
The adder attacks as you move away! The adder bites you.
* * * LOW HITPOINT WARNING * * *
The adder looks more healthy.
The adder bites you.
* * * LOW HITPOINT WARNING * * *
Unknown command.
It was a potion of heal wounds.
You feel much better. The adder bites you but does no damage.
The scorpion stings you but does no damage.
The scorpion attacks as you move away! The scorpion barely misses you.
The scorpion attacks as you move away! The scorpion stings you.
The adder attacks as you move away! The adder bites you but does no damage.
The adder barely misses you. The adder bites you but does no damage.
The scorpion attacks as you move away! The scorpion closely misses you.
The scorpion barely misses you. The scorpion attacks as you move away!
The scorpion stings you.
You are poisoned.
The scorpion poisons you!
You feel sick. The scorpion attacks as you move away! The scorpion stings you.
You are lethally poisoned!
The scorpion poisons you!
* * * LOW HITPOINT WARNING * * *
You feel very sick. The scorpion attacks as you move away!
The scorpion stings you.
* * * LOW HITPOINT WARNING * * *
You are more poisoned.
The scorpion poisons you!
You die...

.....(.... .$......
#.....# #...(.# ##.(†..#
#. #..)...# #.##.
#......# #....
#..s...######
.....#######@#.S.......#
##..(())...###..###..
##...(.####.###..# .
##.......###...$..#....
#...{J....(............#
#..........#>##........#
#............##.####...#
##.......######.# ####
##.....## #.#


You could see a scorpion.

Vanquished Creatures
  Terence (D:2)
  4 endoplasms
  4 goblins (D:1)
  3 hobgoblins (D:1)
  4 jackals (D:1)
  2 quokkas
  2 ball pythons (D:1)
  2 bats (D:1)
  3 frilled lizards (D:1)
  2 kobolds
  3 rats
30 creatures vanquished.

Notes
Turn   | Place    | Note
-------+----------+-------------------------------------------
     0 | D:1      | falcothegreat the Formicid Brigand began the quest for the
                  | Orb.
     0 | D:1      | Reached XP level 1. HP: 16/16 MP: 1/1
    49 | D:1      | Reached skill level 5 in Stealth
    81 | D:1      | Reached XP level 2. HP: 21/23 MP: 2/2
   437 | D:1      | Reached XP level 3. HP: 28/28 MP: 3/3
   710 | D:2      | Noticed Terence
   739 | D:2      | Killed Terence
   740 | D:2      | Reached skill level 1 in Dodging
   740 | D:2      | Reached skill level 6 in Stealth
   740 | D:2      | Reached XP level 4. HP: 10/34 MP: 4/4
   799 | D:2      | Noticed a scorpion
   810 | D:2      | Succumbed to a scorpion's poison

Illustrated notes

Levels and vault maps discovered:
D:1:      scummos_arrival_checkerplants, layout_basic, minivault_19
D:2:      layout_loops_cross, hellmonk_ecumenical_altar_leap_of_faith,
          uniq_terence

Skill      XL: |  1  2  3 |
---------------+----------+-----
Stealth        | 5 6 |  6.1
Dodging        | 1 |  1.0
Fighting       | |  2.6
Short Blades   | |  2.2
Throwing       | |  2.3

Action                   |  1- 3 |  4- 6 || total
-------------------------+-------+-------++-------
Melee: Dagger            |    82 |     7 ||    89
       Punch             |     3 |       ||     3
Throw: Dart              |     6 |     4 ||    10
  Use: Potion            |       |     1 ||     1
 Stab: Sleeping          |     4 |       ||     4
Armor: Robe              |    21 |     4 ||    25
Dodge: Dodged            |    50 |     6 ||    56
